 Dungeon Crawl Stone Soup version 0.28-a0-1594-ga885d4b3d6 (webtiles) character file.

Game seed: 385874023568643574

973 kae the Ruffian (level 7, -1/57 HPs)
             Began as a Grey Draconian Transmuter on Jan 20, 2022.
             Slain by a centaur skeleton (3 damage)
             ... on level 6 of the Dungeon.
             The game lasted 00:04:42 (5990 turns).

kae the Ruffian (Grey Draconian Transmuter)         Turns: 5990, Time: 00:04:43

Health: -1/57      AC: -6    Str: 18    XL:     7   Next: 94%
Magic:  6/11       EV: 20    Int: 16    God:
Gold:   227        SH:  0    Dex: 16    Spells: 4/12 levels left

rFire   . . .      SeeInvis .     - Unarmed
rCold   . . .      Faith    .   (shield currently unavailable)
rNeg    . . .      Spirit   .   (armour unavailable)
rPois   x          Reflect  .   (helmet currently unavailable)
rElec   .          Harm     .   (cloak currently unavailable)
rCorr   .          Rampage  .   (gloves currently unavailable)
Will    .....                   (boots currently unavailable)
Stlth   +.........              (no amulet)
HPRegen 0.19/turn               m - +6 ring of strength
MPRegen 0.12/turn               (no ring)

@: spider-form, corroded
A: venomous fangs, AC +11, (amphibious), tiny, unfitting armour, (cold-blooded)
a: End Transformation


You were on level 6 of the Dungeon.
You were a venomous arachnid creature.
You visited 1 branch of the dungeon, and saw 6 of its levels.

You collected 227 gold pieces.

Inventory:

Missiles
 k - 2 throwing nets
Armour
 h - an orb of light (melded)
Jewellery
 m - a +6 ring of strength (left front leg)
Wands
 r - a wand of charming (7)
Scrolls
 b - a scroll of fear
Potions
 a - 3 potions of might
 c - a potion of mutation
 d - 2 potions of curing
 e - 5 potions of magic {unknown}
 f - 3 potions of heal wounds {unknown}
 g - 2 potions of berserk rage {unknown}
 i - a potion of lignification {unknown}
 l - a potion of flight {unknown}
 o - 2 potions of degeneration {unknown}


   Skills:
 + Level 3.6 Fighting
 + Level 3.2 Dodging
 * Level 5.2 Unarmed Combat
 + Level 3.3 Spellcasting
 * Level 4.7 Transmutations
 * Level 2.9 Ice Magic
 - Level 2.0 Poison Magic


You had 4 spell levels left.
You knew the following spells:

 Your Spells              Type           Power      Damage    Failure   Level
a - Beastly Appendage     Tmut           34%        N/A       10%         1
b - Spider Form           Tmut/Pois      13%        N/A       32%         3
c - Ice Form              Ice/Tmut       14%        N/A       58%         4

Your spell library contained the following spells:

 Spells                   Type           Power      Damage    Failure   Level
 Wereblood                Tmut           17%        N/A       12%         2
 Blink                    Tloc           4%         N/A       50%         2
 Gell's Gravitas          Tloc           2%         N/A       71%         3
 Teleport Other           Tloc           2%         N/A       71%         3
 Manifold Assault         Tloc           2%         N/A       100%        5
 Dispersal                Tloc           1%         N/A       100%        6
 Storm Form               Tmut/Air       5%         N/A       100%        7


Dungeon Overview and Level Annotations

Branches:
Dungeon (6/15)
 Temple: D:4-7

Altars:
Sif Muna
Yredelemnul
Beogh

Annotations:
D:4 exclusion: iron imp


Innate Abilities, Weirdness & Mutations

You are a venomous arachnid creature.
You have poisonous fangs.
You are tiny and dextrous.
Your spellcasting is less reliable in this form.
Your armour is entirely melded.
You are incapable of wielding weapons or throwing items.
((Your dull iron-grey scales are very hard. (AC +11)))
((You are amphibious.))
You cannot fit into any form of body armour.
((You are cold-blooded and may be slowed by cold attacks.))


Message History

The centaur skeleton is lightly damaged.
The centaur skeleton hits you.
* * * LOW HITPOINT WARNING * * *
The centaur skeleton barely misses you.
You hit the centaur skeleton.
The centaur skeleton is moderately damaged.
The centaur skeleton closely misses you.
The centaur skeleton kicks you.
* * * LOW HITPOINT WARNING * * *
The centaur skeleton barely misses you.
The centaur skeleton closely misses you.
You hit the centaur skeleton.
The centaur skeleton is moderately damaged.
The centaur skeleton barely misses you. The centaur skeleton misses you.
You hit the centaur skeleton.
The centaur skeleton is heavily damaged.
The centaur skeleton completely misses you. x2
You bite the centaur skeleton!
The centaur skeleton is almost destroyed.
The centaur skeleton hits you.
* * * LOW HITPOINT WARNING * * *
The centaur skeleton kicks you.
* * * LOW HITPOINT WARNING * * *
You hit the centaur skeleton but do no damage.
The centaur skeleton is almost destroyed.
The centaur skeleton hits you.
* * * LOW HITPOINT WARNING * * *
The centaur skeleton completely misses you.
You hit the centaur skeleton.
The centaur skeleton is almost destroyed.
The centaur skeleton closely misses you.
The centaur skeleton kicks you.
* * * LOW HITPOINT WARNING * * *
The centaur skeleton barely misses you.
The centaur skeleton completely misses you.
Your magical contamination has completely faded away.
You hit the centaur skeleton.
The centaur skeleton is almost destroyed.
The centaur skeleton hits you.
You die...

#.##########
#.........#######
####.†........#
#.###.####.######
##.#####.# #.#
#....... ......Zs.#
#.# #....###
....###### #.# ##.#.#
≈ ##.# #.#.### .#.#
#...... .#.# #...###
#.######.#.#####...###
....................)#
#####<...#####......
#.....#..........#.#


You could see a centaur skeleton.

Vanquished Creatures
  An ice beast (D:5)
  2 black bears
  A necrophage (D:4)
  An ogre (D:5)
  A scorpion (D:4)
  A gnoll sergeant (D:5)
  2 hounds (D:5)
  3 jellies
  2 iguanas (D:6)
  A hound skeleton (D:4)
  6 gnolls
  A howler monkey skeleton (D:5)
  4 adders
  A white imp (D:5)
  An ufetubus (D:4)
  A worm (D:5)
  2 dart slugs
  9 orcs
  7 ball pythons
  7 bats
  5 endoplasms
  4 giant cockroaches
  6 goblins
  6 hobgoblins
  2 jackals (D:3)
  5 kobolds
  2 quokkas
  2 frilled lizards
  4 rats
90 creatures vanquished.

Notes
Turn   | Place    | Note
-------+----------+-------------------------------------------
     0 | D:1      | kae the Draconian Transmuter began the quest for the Orb.
     0 | D:1      | Reached XP level 1. HP: 16/16 MP: 3/3
   541 | D:1      | Reached XP level 2. HP: 22/23 MP: 3/5
  1097 | D:2      | Reached XP level 3. HP: 8/28 MP: 4/6
  1915 | D:2      | Found a faded altar of an unknown god.
  2239 | D:2      | Learned a level 3 spell: Spider Form
  2415 | D:3      | Reached XP level 4. HP: 36/36 MP: 7/7
  2416 | D:3      | Found a shimmering blue altar of Sif Muna.
  3344 | D:4      | Noticed a necrophage
  3360 | D:4      | Killed a necrophage
  3361 | D:4      | Reached skill level 4 in Unarmed Combat
  3361 | D:4      | Reached skill level 1 in Poison Magic
  3361 | D:4      | Reached XP level 5. HP: 23/42 MP: 2/8
  3504 | D:4      | Learned a level 4 spell: Ice Form
  3587 | D:4      | Noticed a black bear
  3596 | D:4      | Killed a black bear
  3597 | D:4      | Reached XP level 6. HP: 37/50 MP: 7/10
  3724 | D:4      | Reached skill level 1 in Ice Magic
  4352 | D:5      | Entered Level 5 of the Dungeon
  4379 | D:5      | Identified a scroll of acquirement
  4379 | D:5      | Acquired an Inescapable Atlas
  4554 | D:5      | Noticed an ice beast
  4578 | D:5      | Killed an ice beast
  4639 | D:5      | Found a basalt altar of Yredelemnul.
  4657 | D:5      | Your scales start taking on a dull iron-grey colour.
  4657 | D:5      | Reached XP level 7. HP: 35/57 MP: 8/11
  5470 | D:5      | Reached skill level 5 in Unarmed Combat
  5989 | D:6      | HP: 2/57 [centaur skeleton (1)]
  5990 | D:6      | Slain by a centaur skeleton

Illustrated notes

Levels and vault maps discovered:
D:1:      onia_arrival_mini_spirals, layout_loops_ring
D:2:      cheibrodos_old_hovel, layout_basic,
          hellmonk_ecumenical_altar_defaced_shrine, hangedman_decor_slide_cut
D:3:      layout_basic, mainiacjoe_overflow_boulevard, hex_large
D:4:      layout_rooms, demons_altar
D:5:      layout_cave_pods, lemuel_doored_altar
D:6:      layout_loops_ring, serial_rivers, chequers_serial_rivers_micro_b,
          chequers_serial_rivers_micro_c, chequers_serial_rivers_micro_b,
          chequers_serial_rivers_room_b

Skill      XL: |  1  2  3  4  5  6  7 |
---------------+----------------------+-----
Dodging        | 2 3 |  3.2
Fighting       | 2 3 |  3.6
Transmutations | 3 4 |  4.7
Unarmed Combat | 4 5 |  5.2
Poison Magic   | 1 2 |  2.0
Ice Magic      | 1 2 |  2.9
Spellcasting   | 3 |  3.3

Action                   |  1- 3 |  4- 6 |  7- 9 || total
-------------------------+-------+-------+-------++-------
Melee: Unarmed           |   112 |   112 |    74 ||   298
       Headbutt          |    11 |    10 |       ||    21
       Kick              |    20 |    14 |       ||    34
       Tailslap          |    13 |     5 |     6 ||    24
       Punch             |     1 |       |       ||     1
 Cast: Beastly Appendage |    28 |    13 |       ||    41
       Spider Form       |       |    12 |     7 ||    19
       Ice Form          |       |     1 |     2 ||     3
  Use: Scroll            |     1 |     7 |     3 ||    11
       Potion            |       |       |     1 ||     1
 Stab: Sleeping          |     1 |       |       ||     1
Armor: Skin              |    24 |    21 |    10 ||    55
Dodge: Dodged            |    76 |    74 |    59 ||   209

Table legend: (Time is in decaauts)
 A = Elapsed time spent in this place.
 B = Non-inter-level travel time spent in this place.
 C = Inter-level travel time spent in this place.
 D = Time resting spent in this place.
 E = Time spent auto-exploring this place.
 F = Levels seen in this place.
 G = Mean time per level.
                   A        B        C        D        E       F      G
               +--------+--------+--------+--------+--------+-----+--------+
         Total |   5968 |   5810 |    158 |    379 |   4647 |   6 |  994.7 |
       Dungeon |   5968 |   5810 |    158 |    379 |   4647 |   6 |  994.7 |
               +--------+--------+--------+--------+--------+-----+--------+

Top non-repeatable levels by time:
     D:5: 1532 daAuts
     D:2: 1240 daAuts
     D:1: 1068 daAuts
     D:4: 1042 daAuts
     D:3: 990 daAuts
     D:6: 94 daAuts
